 Dungeon Crawl Stone Soup version 0.29.1-15-g9cfb28693d (webtiles) character file.

Game seed: 9622124023404005011

42 javelincjr the Magician (level 3, 0/25 HPs)
             Began as a Demonspawn Hedge Wizard on Mar 31, 2023.
             Slain by Sigmund
             ... wielding a +1 scythe of protection
              (10 damage)
             ... on level 2 of the Dungeon.
             The game lasted 00:04:50 (1655 turns).

javelincjr the Magician (Demonspawn Hedge Wizard)   Turns: 1655, Time: 00:04:50

Health: 0/25       AC:  2    Str: 12    XL:     3   Next: 33%
Magic:  2/7        EV: 12    Int: 15    God:
Gold:   54         SH:  4    Dex: 12    Spells: 7/8 levels left

rFire   . . .      SeeInvis .   l - +2 short sword (protect)
rCold   . . .      Faith    .   (no shield)
rNeg    . . .      Spirit   .   b - +0 robe
rPois   .          Reflect  .   c - +0 hat
rElec   .          Harm     .   (no cloak)
rCorr   .          Rampage  .   (no gloves)
Will    .....                   (no boots)
Stlth   ++........              (no amulet)
HPRegen 0.08/turn               (no ring)
MPRegen 0.10/turn               (no ring)

@: no status effects
A: hooves 1, condensation shield
a: no special abilities


You were on level 2 of the Dungeon.
You visited 1 branch of the dungeon, and saw 2 of its levels.

You collected 54 gold pieces.

Inventory:

Hand Weapons
 a - a +0 dagger
 l - a +2 short sword of protection (weapon)
Armour
 b - a +0 robe (worn)
 c - a +0 hat (worn)
Scrolls
 e - 2 scrolls of teleportation {unknown}
 g - 2 scrolls of vulnerability {unknown}
 h - a scroll of identify {unknown}
 j - 2 scrolls of fear {unknown}
 m - 2 scrolls of blinking {unknown}
 n - a scroll of butterflies {unknown}
 p - a scroll of torment {unknown}
Potions
 d - a potion of magic
 f - 2 potions of might {unknown}
 i - a potion of lignification {unknown}
 k - a potion of heal wounds {unknown}
 o - a potion of curing {unknown}


   Skills:
 * Level 0.7 Fighting
 + Level 0.4 Armour
 + Level 2.1 Dodging
 - Level 1.9 Stealth
 * Level 3.2 Spellcasting
 + Level 1.4 Conjurations
 + Level 1.5 Summonings
 + Level 1.2 Translocations


You had 7 spell levels left.
You knew the following spells:

 Your Spells              Type           Power      Damage    Failure   Level
a - Magic Dart            Conj           24%        1d4       11%         1

Your spell library contained the following spells:

 Spells                   Type           Power      Damage    Failure   Level
 Call Imp                 Summ           7%         N/A       16%         2
 Blink                    Tloc           12%        N/A       17%         2
 Sandblast                Erth           4%         2d4       21%         1
 Slow                     Hex            8%         N/A       21%         1
 Passwall                 Tmut/Erth      1%         N/A       30%         2
 Poisonous Vapours        Pois/Air       4%         N/A       30%         2
 Gell's Gravitas          Tloc           6%         N/A       34%         3
 Teleport Other           Tloc           6%         N/A       34%         3
 Conjure Flame            Conj/Fire      4%         6-21      41%         3
 Stone Arrow              Conj/Erth      8%         3d7       41%         3
 Mephitic Cloud           Conj/Pois/Air  3%         N/A       43%         3
 Corpse Rot               Necr/Pois/Air  2%         N/A       89%         4
 Dispersal                Tloc           3%         N/A       100%        6


Dungeon Overview and Level Annotations

Branches:
Dungeon (2/15)

Altars:

Annotations:
D:2 Sigmund


Innate Abilities, Weirdness & Mutations

You have large cloven feet.
A meltable shield of frost defends you. (SH +4)


Message History

Casting: Magic Dart (safe; 11% risk of failure)
Confirm with . or Enter, or press ? or * to list all spells.
Aiming: Magic Dart (safe; 11% risk of failure)
Press: ? - help, Shift-Dir - straight line, f/p - Sigmund
Aim: Sigmund, wielding a +1 scythe of protection and wearing a +2 robe of willpower (lightly wounded, 100% to hit)
The magic dart hits Sigmund but does no damage.
Sigmund is lightly wounded.
Sigmund hits you with a +1 scythe of protection.
You hit Sigmund but do no damage.
Sigmund is lightly wounded.
You hit Sigmund. Your kick misses Sigmund.
Sigmund is lightly wounded.
Sigmund barely misses you.
Casting: Magic Dart (safe; 11% risk of failure)
Confirm with . or Enter, or press ? or * to list all spells.
Aiming: Magic Dart (safe; 11% risk of failure)
Press: ? - help, Shift-Dir - straight line, f/p - Sigmund
Aim: Sigmund, wielding a +1 scythe of protection and wearing a +2 robe of willpower (lightly wounded, 100% to hit)
The magic dart hits Sigmund but does no damage.
Sigmund is lightly wounded.
Sigmund gestures at you while chanting.
You are confused.
You're too confused to cast spells.
Sorry, you're not good enough to have a special ability.
Unknown command.
You're too confused to cast spells.
Sigmund closely misses you.
Your magical contamination has completely faded away.
You barely miss Sigmund.
Sigmund is lightly wounded.
Sigmund hits you with a +1 scythe of protection!
You bump into the rock wall.
Sigmund looks at you with fury.
Sigmund casts a spell.
Sigmund flickers and vanishes!
Deactivating autopickup; reactivate with Ctrl-A.
You bump into the rock wall.
You feel less confused. Something hits you!
You die...

####.# #....# #########
#.##.# #.......# #.##.#
#.#####.#####
.....#######.# #.......#
#.##.........# #.#.###)#
#.##############.#.###.#
#...# #...{.....# ###.#
########.#@##..#.# ....#
#.....##.#.# ..#.# ....#
#.....## #.. ....# ....#
#.....# #..##.#.# ....#
#.....# #..# .#.# ....#
#.....# .... .. # ....#
###.#### ##.# ....#
#...)..####.# [####
#.#.......#.#


There were no monsters in sight!

Vanquished Creatures
  An adder (D:2)
  A dart slug (D:2)
  5 endoplasms
  2 goblins
  6 hobgoblins
  3 quokkas
  3 ball pythons (D:1)
  2 bats (D:1)
  A frilled lizard (D:1)
  A kobold (D:1)
25 creatures vanquished.

Notes
Turn   | Place    | Note
-------+----------+-------------------------------------------
     0 | D:1      | javelincjr the Demonspawn Hedge Wizard began the quest for
                  | the Orb.
     0 | D:1      | Reached XP level 1. HP: 13/13 MP: 4/4
    93 | D:1      | Reached skill level 1 in Translocations
   279 | D:1      | Gained mutation: A meltable shield of frost defends you.
                  | (SH +4) [demonic ancestry]
   279 | D:1      | Reached XP level 2. HP: 19/19 MP: 1/6
  1148 | D:2      | Noticed Sigmund
  1401 | D:2      | Gained mutation: You have large cloven feet. [demonic
                  | ancestry]
  1401 | D:2      | Reached XP level 3. HP: 23/25 MP: 1/7
  1655 | D:2      | Slain by Sigmund

Illustrated notes

Levels and vault maps discovered:
D:1:      spicycebolla_arrival_xxxplode, layout_loops_ring,
          hangedman_decor_riveting
D:2:      layout_loops_cross, uniq_sigmund

Skill      XL: |  1  2 |
---------------+-------+-----
Translocations | 1 |  1.2
Dodging        | 2 |  2.1
Fighting       | |  0.7
Armour         | |  0.4
Stealth        | |  1.9
Spellcasting   | |  3.2
Conjurations   | |  1.4
Summonings     | |  1.5

Action                   || total
-------------------------++-------
Melee: Dagger            ||     5
       Short sword       ||    17
 Cast: Magic Dart        ||    69
 Stab: Sleeping          ||     1
Armor: Robe              ||     6
Dodge: Dodged            ||    15
Block: Other             ||     1
